 Dungeon Crawl Stone Soup version 0.21.1-1-g345015fe64 (webtiles) character file.

751 Oravi the Changer (level 7, 0/52 HPs)
             Began as a Merfolk Transmuter on May 16, 2018.
             Slain by an orc wizard
             ... wielding a +0 dagger
              (6 damage)
             ... on level 5 of the Dungeon.
             The game lasted 00:10:36 (4315 turns).

Oravi the Changer (Merfolk Transmuter)              Turns: 4315, Time: 00:10:36

Health: 0/52       AC:  2    Str: 10    XL:     7   Next: 78%
Magic:  6/10       EV: 22    Int: 14    God:
Gold:   103        SH:  0    Dex: 20    Spells: 4/10 levels left

rFire    . . .     SeeInvis .     - Unarmed
rCold    . . .     Gourm    .   (shield currently unavailable)
rNeg     . . .     Faith    .   (armour currently unavailable)
rPois    x         Spirit   .   (helmet currently unavailable)
rElec    .         Reflect  .   (cloak currently unavailable)
rCorr    .         Harm     .   (gloves currently unavailable)
MR       .....                  (boots currently unavailable)
Stlth    ++........             n - amulet of magic regeneration
HPRegen  0.17/turn              (no ring)
MPRegen  0.37/turn              (no ring)

@: spider-form, very slightly contaminated, heavily drained
A: tiny, (change form in water), (swift swim), (stealthy swim)
a: End Transformation


You were on level 5 of the Dungeon.
You were not hungry.
You were a venomous arachnid creature.
You visited 1 branch of the dungeon, and saw 5 of its levels.

You collected 103 gold pieces.

Inventory:

Missiles
 a - 49 arrows
Armour
 b - a +0 robe (melded)
Jewellery
 n - an amulet of magic regeneration (around neck)
 v - an uncursed amulet of the gourmand {unknown}
Scrolls
 e - a scroll of teleportation {unknown}
 h - a scroll of fog {unknown}
 j - 5 scrolls of identify {unknown}
 k - 3 scrolls of enchant armour {unknown}
 m - a scroll of fear {unknown}
 q - a scroll of enchant weapon {unknown}
 s - 3 scrolls of amnesia {unknown}
 t - a scroll of immolation {unknown}
 u - a scroll of remove curse {unknown}
Potions
 f - a potion of curing
 g - 3 potions of degeneration {unknown}
 l - 2 potions of heal wounds {unknown}
 o - 2 potions of lignification {unknown}
 p - 2 potions of flight {unknown}
 r - 2 potions of agility {unknown}
Books
 c - a book of Changes

   Spells                             Type                      Level
   a - Beastly Appendage              Transmutation                1
   b - Sticks to Snakes               Transmutation                2
   c - Spider Form                    Transmutation/Poison         3
   d - Ice Form                       Ice/Transmutation            4
   e - Blade Hands                    Transmutation                5
Comestibles
 d - 6 rations
 i - a chunk of flesh


   Skills:
 + Level 3.4(2.2) Fighting
 + Level 4.8(3.6) Dodging
 * Level 6.3(5.0) Unarmed Combat
 - Level 2.0(0.8) Spellcasting
 - Level 7.2(5.9) Transmutations


You had 4 spell levels left.
You knew the following spells:

 Your Spells              Type           Power        Failure   Level  Hunger
a - Spider Form           Tmut/Pois      #.........   45%         3    ####...
b - Sticks to Snakes      Tmut           ###.....     12%         2    ###....
c - Beastly Appendage     Tmut           ###...       9%          1    ##.....


Dungeon Overview and Level Annotations

Branches:
Dungeon (5/15)
 Temple: D:4-7

Altars:
Dithmenos
Trog
The Shining One

Shops:
D:4 }%

Annotations:
D:3 1 runed door


Message History

You are too injured to fight recklessly!
You are too injured to fight recklessly!
You barely miss something.
You hear some strange, mumbled words.
A puff of flame appears from out of thin air!
The puff of flame hits you!
* * * LOW HITPOINT WARNING * * *
You bite something!
Reactivating autopickup.
You feel a bit more experienced.
You hit the orc wizard.
The orc wizard is poisoned.
The orc wizard is moderately wounded.
The orc wizard hits you with a dagger.
* * * LOW HITPOINT WARNING * * *
You hit the orc wizard.
The orc wizard is heavily wounded.
You closely miss the orc wizard.
The orc wizard is severely wounded.
The orc wizard hits you with a dagger.
You die...

#.♣# #♣...........).....##
##.♣ ♣.[#..............#
#..♣# #♣.###.............#
#...♣♣♣..# ##...........## ##
#........# ###........# .##
##.##....## ###.......#
..####..###..(# ###.......†##
#......##
#...#####...#.....(# ##...###
#.....sol...#......#
###...####...######.........#
#####...#..#### #.........#
..####....## #.........##
.........## #..........#
#.......## #...........#
######..# #...........# ##.#
#.......#.?..# #.#
##########...#


You could see an orc wizard and a leopard gecko.

Vanquished Creatures
  A water moccasin (D:5)
  2 ice beasts (D:5)
  A water moccasin skeleton (D:5)
  A hound (D:4)
  An orc priest (D:3)
  2 iguanas
  Terence (D:3)
  3 orc wizards
  3 worker ants
  A hound zombie (D:5)
  A howler monkey zombie (D:5)
  A howler monkey skeleton (D:4)
  3 adders (D:3)
  4 worms
  3 leopard geckos
  6 orcs
  A giant cockroach (D:5)
  A goblin (D:2)
  10 hobgoblins
  2 jackals (D:1)
  9 kobolds
  2 ball pythons (D:3)
  6 bats
  3 frilled lizards
  5 rats
73 creatures vanquished.

Notes
Turn   | Place    | Note
-------+----------+-------------------------------------------
     0 | D:1      | Oravi the Merfolk Transmuter began the quest for the Orb.
     0 | D:1      | Reached XP level 1. HP: 15/15 MP: 3/3
   288 | D:1      | Reached skill level 3 in Transmutations
   317 | D:1      | Reached XP level 2. HP: 20/21 MP: 3/5
   921 | D:1      | You fall through a shaft!
   960 | D:2      | Reached XP level 3. HP: 24/26 MP: 6/6
   970 | D:2      | Learned a level 2 spell: Sticks to Snakes
   974 | D:2      | Learned a level 3 spell: Spider Form
  1149 | D:2      | Reached skill level 4 in Transmutations
  1656 | D:3      | Reached skill level 5 in Transmutations
  1656 | D:3      | Reached XP level 4. HP: 22/32 MP: 1/7
  1857 | D:3      | Reached skill level 6 in Transmutations
  1871 | D:3      | Noticed Terence
  1914 | D:3      | Reached XP level 5. HP: 28/37 MP: 1/8
  1926 | D:3      | Killed Terence
  2542 | D:3      | Found a glowing golden altar of the Shining One.
  2542 | D:3      | Noticed an angel
  2543 | D:3      | Found a runed door.
  2863 | D:4      | Reached skill level 7 in Transmutations
  2944 | D:4      | Found Ovirawkups's Food Shop.
  2983 | D:4      | Found a bloodstained altar of Trog.
  3020 | D:4      | Found Getuh's Gadget Shop.
  3170 | D:4      | Reached XP level 6. HP: 38/43 MP: 9/9
  3662 | D:5      | Entered Level 5 of the Dungeon
  3662 | D:5      | Noticed an ice beast
  3673 | D:5      | Killed an ice beast
  3905 | D:5      | Found a shadowy altar of Dithmenos.
  3954 | D:5      | Reached skill level 5 in Unarmed Combat
  3998 | D:5      | Reached XP level 7. HP: 50/51 MP: 8/10
  4315 | D:5      | Slain by an orc wizard

Skill      XL: |  1  2  3  4  5  6  7 |
---------------+----------------------+-----
Transmutations | 3 5 6 7 |  7.2
Unarmed Combat | 4 5 6 |  6.3
Dodging        | 3 4 |  4.8
Fighting       | 2 3 |  3.4
Spellcasting   | |  2.0

Action                   |  1- 3 |  4- 6 |  7- 9 || total
-------------------------+-------+-------+-------++-------
Melee: Unarmed           |   124 |   103 |    58 ||   285
       Headbutt          |     6 |       |       ||     6
 Cast: Beastly Appendage |     9 |     1 |       ||    10
       Spider Form       |     9 |    18 |     9 ||    36
  Use: Potion            |       |     1 |       ||     1
  Eat: Chunk             |     4 |    11 |     2 ||    17
Armor: Robe              |     7 |    22 |       ||    29
       Skin              |     5 |     2 |     4 ||    11
Dodge: Dodged            |    88 |   110 |    43 ||   241
